 Dungeon Crawl Stone Soup version 0.27-a0-1277-g3808f8b1c9 (webtiles) character file.

Game seed: 11075685718386641457

151 Essalna the Digger (level 5, -2/28 HPs)
             Began as a Gargoyle Earth Elementalist on June 12, 2021.
             Slain by an ogre (18 damage)
             ... on level 5 of the Dungeon.
             The game lasted 00:07:19 (3287 turns).

Essalna the Digger (Gargoyle Earth Elementalist)    Turns: 3287, Time: 00:07:20

Health: -2/28      AC:  7    Str: 11    XL:     5   Next: 33%
Magic:  6/10       EV: 11    Int: 17    God:
Gold:   131        SH:  0    Dex: 10    Spells: 6/10 levels left

rFire    . . .     SeeInvis .   m - +2 hand axe (elec)
rCold    . . .     Faith    .   (no shield)
rNeg     + . .     Spirit   .   c - +0 robe
rPois    ∞         Reflect  .   (no helmet)
rElec    +         Harm     .   (no cloak)
rCorr    .         Rampage  .   e - +0 pair of gloves
Will     .....                  (no boots)
Stlth    ++........             (no amulet)
HPRegen  0.09/turn              (no ring)
MPRegen  0.12/turn              (no ring)

@: no status effects
A: sickness immunity, AC +4, negative energy resistance 1, electricity
resistance, torment resistance 1, petrification resistance
a: no special abilities


You were on level 5 of the Dungeon.
You visited 2 branches of the dungeon, and saw 5 of its levels.

You collected 131 gold pieces.

Inventory:

Hand Weapons
 m - a +2 hand axe of electrocution (weapon)
Missiles
 b - 33 stones
 i - a throwing net
Armour
 c - a +0 robe (worn)
 e - a +0 pair of gloves (worn)
Jewellery
 l - a ring of magical power
Wands
 g - a wand of mindburst (18)
 h - a wand of flame (5)
Scrolls
 a - 2 scrolls of identify
Potions
 d - 3 potions of flight {unknown}
 f - a potion of invisibility
 j - a potion of experience {unknown}


   Skills:
 - Level 1.5 Dodging
 - Level 2.1 Stealth
 + Level 3.4 Spellcasting
 + Level 2.2 Conjurations
 - Level 0.7 Transmutations
 + Level 5.2 Earth Magic


You had 6 spell levels left.
You knew the following spells:

 Your Spells              Type           Power      Damage    Failure   Level
a - Sandblast             Erth           40%        2d10      1%          1
b - Stone Arrow           Conj/Erth      30%        3d8       11%         3

Your spell library contained the following spells:

 Spells                   Type           Power      Damage    Failure   Level
 Passwall                 Tmut/Erth      10%        N/A       8%          2
 Petrify                  Tmut/Erth      12%        N/A       45%         4
 Lee's Rapid Deconstruct  Erth           10%        3d9*      50%         5


Dungeon Overview and Level Annotations

Branches:
Dungeon (5/15)             Temple (1/1) D:5

Altars:
Elyvilon
Fedhas
Gozag
Hepliaklqana
Kikubaaqudgha
Makhleb
Nemelex Xobeh
Qazlal
Trog
Uskayaw
Wu Jian
Yredelemnul
Zin


Innate Abilities, Weirdness & Mutations

You are immune to sickness and miasma.
Your stone body is resilient. (AC +4)
You are immune to poison.
You resist negative energy. (rN+)
You are resistant to electric shocks. (rElec)
You are resistant to unholy torment.
You are immune to petrification.


Message History

The ball python hisses angrily.
Found a sparkling altar of Nemelex Xobeh.
As you read the scroll labelled FEFROULAERO, it crumbles to dust.
You feel strangely unstable.
It was a scroll of teleportation.
The necrophage misses you.
A river rat comes into view.
Your surroundings suddenly seem different.
An ogre comes into view. It is wielding a +0 giant club.
Casting: Sandblast (safe; 1% risk of failure)
Confirm with . or Enter, or press ? or * to list all spells.
Aiming: Sandblast (safe; 1% risk of failure)
Press: ? - help, Shift-Dir - straight line, f - ogre
Aim: an ogre, wielding a +0 giant club (asleep, 100% to hit)
The blast of sand hits the ogre!
The ogre is moderately wounded.
The ogre shouts!
Casting: Sandblast (safe; 1% risk of failure)
Confirm with . or Enter, or press ? or * to list all spells.
Aiming: Sandblast (safe; 1% risk of failure)
Press: ? - help, Shift-Dir - straight line, f/p - ogre
Aim: an ogre, wielding a +0 giant club (moderately wounded, 91% to hit)
The blast of sand hits the ogre!
The ogre is severely wounded.
Casting: Sandblast (safe; 1% risk of failure)
Confirm with . or Enter, or press ? or * to list all spells.
Aiming: Sandblast (safe; 1% risk of failure)
Press: ? - help, Shift-Dir - straight line, f/p - ogre
Aim: an ogre, wielding a +0 giant club (severely wounded, 91% to hit)
The blast of sand hits the ogre.
The ogre is almost dead.
Casting: Sandblast (safe; 1% risk of failure)
Confirm with . or Enter, or press ? or * to list all spells.
Aiming: Sandblast (safe; 1% risk of failure)
Press: ? - help, Shift-Dir - straight line, f/p - ogre
Aim: an ogre, wielding a +0 giant club (almost dead, 91% to hit)
The blast of sand hits the ogre.
The ogre is almost dead.
The ogre hits you with a +0 giant club!!
Ouch! That really hurt!
You die...

########
#......#
#......+
#.@O...#
#......#
#......#
.+
#......#
.#
.......#
.#
........#
.##
..#######
..#
...#.....#
..#
#.....#


You could see an ogre.

Vanquished Creatures
  A gnoll shaman (D:5)
  A hound (D:5)
  3 gnolls (D:5)
  An adder (D:5)
  A white imp (D:5)
  2 worms
  An orc (D:5)
  2 ball pythons (D:2)
  2 bats
  An endoplasm (D:1)
  4 giant cockroaches
  4 goblins
  6 hobgoblins
  8 jackals (D:1)
  2 frilled lizards (D:1)
  3 rats (D:1)
42 creatures vanquished.

Notes
Turn   | Place    | Note
-------+----------+-------------------------------------------
     0 | D:1      | Essalna the Gargoyle Earth Elementalist began the quest for
                  | the Orb.
     0 | D:1      | Reached XP level 1. HP: 10/10 MP: 3/3
   302 | D:1      | Reached skill level 4 in Earth Magic
   302 | D:1      | Reached XP level 2. HP: 15/15 MP: 1/5
   538 | D:1      | Found a faded altar of an unknown god.
  1005 | D:1      | Reached XP level 3. HP: 19/19 MP: 3/6
  1009 | D:1      | Learned a level 3 spell: Stone Arrow
  2237 | D:3      | You fall into a shaft and drop 2 floors!
  2237 | D:5      | Entered Level 5 of the Dungeon
  2355 | D:5      | Reached skill level 1 in Conjurations
  2357 | D:5      | Reached XP level 4. HP: 10/24 MP: 2/8
  2649 | D:5      | Reached skill level 5 in Earth Magic
  2649 | D:5      | Reached XP level 5. HP: 28/28 MP: 0/9
  2654 | D:5      | Found a staircase to the Ecumenical Temple.
  2661 | Temple   | Entered the Ecumenical Temple
  3190 | D:5      | Noticed a necrophage
  3190 | D:5      | Noticed a troll
  3245 | D:5      | Noticed a necrophage
  3279 | D:5      | Found a sparkling altar of Nemelex Xobeh.
  3284 | D:5      | Noticed an ogre
  3287 | D:5      | Slain by an ogre

Illustrated notes

Levels and vault maps discovered:
D:1:      eino_arrival_cavern_c, layout_basic, ebering_ecumenical_altar_ruins,
          chequers_serial_rivers_small_b
D:2:      layout_basic
D:3:      wad_woods_settlement, layout_loops_ring, minitemple,
          minmay_misc_feat_four_crosses
D:5:      layout_gridville, overflow_temple_1_default,
          nicolae_sif_muna_little_library, led_xom_imps,
          minmay_temple_entry_butterflies, portal_sewer_entry_b, minmay_circle_x
Temple:   minmay_temple_forest_path

Skill      XL: |  1  2  3  4 |
---------------+-------------+-----
Earth Magic    | 4 5 |  5.2
Conjurations   | 1 2 |  2.2
Spellcasting   | 3 |  3.4
Dodging        | |  1.5
Stealth        | |  2.1
Transmutations | |  0.7

Action                   |  1- 3 |  4- 6 || total
-------------------------+-------+-------++-------
Melee: Unarmed           |     8 |       ||     8
 Cast: Sandblast         |    53 |    23 ||    76
  Use: Scroll            |     1 |     1 ||     2
Armor: Robe              |     9 |     5 ||    14
Dodge: Dodged            |    12 |    16 ||    28

Table legend: (Time is in decaauts)
 A = Elapsed time spent in this place.
 B = Non-inter-level travel time spent in this place.
 C = Inter-level travel time spent in this place.
 D = Time resting spent in this place.
 E = Time spent auto-exploring this place.
 F = Levels seen in this place.
 G = Mean time per level.
                   A        B        C        D        E       F      G
               +--------+--------+--------+--------+--------+-----+--------+
         Total |   3290 |   3135 |    155 |      0 |   2763 |   5 |  658.0 |
       Dungeon |   2772 |   2643 |    129 |      0 |   2272 |   4 |  693.0 |
        Temple |    518 |    492 |     26 |      0 |    491 |   1 |  518.0 |
               +--------+--------+--------+--------+--------+-----+--------+

Top non-repeatable levels by time:
     D:1: 1200 daAuts
     D:2: 983 daAuts
     D:5: 530 daAuts
  Temple: 518 daAuts
     D:3: 56 daAuts
